Map: Kairos Junction LE

Players

Trust - Winner!

  • Race: Protoss Protoss
  • Spawn Location: 11:00

Lambo

  • Race: Zerg Zerg
  • Spawn Location: 5:00

Event: IEM Season 13: Katowice (2019)

VOD

Have the link to the VOD?

Description

Time

  • Played on: Feb. 26, 2019, 9:44 a.m.
  • Length: 6:18

All games in this series

Show
View Real Time Build Order
Export as new Build Order

Trust Protoss - Winner!

Build Orders: 1 Gate Expand 

Get SALT Encoding   

  12  0:00  Probe  
  13  0:12  Probe  
  14  0:19  Pylon  
  14  0:24  Probe  
  15  0:33  Probe  
  15  0:39  Gateway  
  15  0:41  Probe  
  16  0:46  Assimilator  
  17  0:51  Probe  
  18  1:03  Probe  
  19  1:15  Probe  
  20  1:23  Nexus  
  20  1:33  Cybernetics Core  
  20  1:35  Probe  
  21  1:42  Assimilator  
  21  1:47  Probe  
  21  1:51  Pylon  
  22  1:59  Adept  
  22  2:00  Probe  
  23  2:12  Probe  
  26  2:15  Warp Gate  
  26  2:21  Robotics Facility  
  26  2:24  Probe  
  26  2:29  Stalker  
  29  2:31  Probe  
  29  2:36  Probe  
  30  2:40  Probe  
  31  2:48  Probe  
  32  2:54  Twilight Council  
  32  2:58  Probe  
  32  2:59  Immortal  
  32  3:00  Probe  
  38  3:24  Charge  
  38  3:25  Gateway  
  38  3:26  Zealot  
  38  3:29  Immortal  
  42  3:50  Gateway  
  42  3:52  Gateway  
  42  3:56  Gateway  
  42  4:01  Gateway  
  42  4:02  Warp Prism  
  42  4:05  Zealot  
  46  4:19  Gateway  
  46  4:24  Pylon  
  46  4:30  Pylon  
  46  4:34  Pylon  
  46  4:54  Zealot x3  
  46  4:55  Zealot x2  
  46  4:57  Zealot  
  56  5:08  Pylon  
  56  5:13  Zealot x2  
  60  5:15  Zealot x5  
  66  5:34  Zealot x2  
  66  5:36  Zealot x2  
  66  5:40  Zealot x2  
  66  5:48  Zealot  
  64  5:56  Zealot x4  
  58  5:59  Zealot  
  58  6:02  Zealot  
  48  6:14  Zealot x2  
  48  6:16  Zealot x2  
Show
View Real Time Build Order
Export as new Build Order

Lambo Zerg 

Build Orders: Hatch First 

Get SALT Encoding   

  12  0:00  Drone  
  13  0:12  Overlord  
  13  0:17  Drone  
  14  0:30  Drone  
  15  0:43  Drone  
  15  0:48  Hatchery  
  15  0:52  Drone  
  15  0:55  Drone  
  17  1:06  Extractor  
  17  1:11  Spawning Pool  
  15  1:14  Drone  
  15  1:18  Drone  
  17  1:23  Drone  
  18  1:29  Drone  
  19  1:39  Drone  
  20  1:51  Overlord  
  20  1:58  Queen  
  22  2:02  Queen, Zergling x2  
  22  2:04  Zergling x2  
  26  2:11  Metabolic Boost  
  26  2:14  Drone  
  27  2:16  Drone  
  27  2:22  Drone  
  29  2:28  Drone  
  30  2:39  Hatchery  
  30  2:43  Drone  
  30  2:44  Drone  
  30  2:47  Drone  
  32  2:51  Overlord  
  32  2:58  Queen  
  32  3:01  Drone  
  32  3:04  Drone  
  36  3:10  Drone  
  36  3:12  Drone x3  
  39  3:21  Spore Crawler  
  39  3:25  Overlord  
  39  3:26  Drone x3  
  42  3:33  Lair  
  42  3:36  Roach Warren  
  42  3:38  Drone x2  
  43  3:45  Drone x3  
  43  3:48  Extractor, Drone  
  46  3:49  Extractor  
  46  3:53  Drone x2  
  46  3:54  Drone x2  
  49  3:57  Drone  
  50  4:06  Drone  
  51  4:10  Overlord  
  51  4:17  Overlord  
  51  4:20  Drone  
  51  4:21  Drone  
  51  4:22  Drone x2  
  55  4:27  Drone x2  
  55  4:29  Roach x3  
  63  4:33  Spore Crawler  
  63  4:35  Overseer  
  63  4:36  Roach  
  64  4:39  Overlord  
  64  4:40  Overlord  
  64  4:41  Roach  
  64  4:45  Overlord  
  66  4:49  Roach x2, Zergling x4  
  72  4:55  Overlord  
  72  4:56  Overlord, Spine Crawler  
  72  5:00  Spine Crawler  
  72  5:03  Roach x2  
  72  5:05  Ravager x2  
  72  5:06  Roach x2  
  81  5:07  Roach  
  81  5:10  Zergling x4  
  81  5:11  Roach  
  87  5:17  Roach x2  
  90  5:22  Roach  
  90  5:23  Roach  
  90  5:27  Roach  
  90  5:28  Zergling x4  
  88  5:31  Roach, Zergling x2  
  88  5:34  Zergling x2  
  80  5:40  Roach  
  80  5:41  Roach  
  69  5:44  Zergling x2  
  69  5:46  Roach  
  68  5:51  Zergling x4  
  68  5:53  Zergling x2  
  68  5:55  Roach  
  62  6:01  Zergling x2  

Tags
 
Add a new tag
Caveats
  • Supply blocks, unpowered buildings, or Contaminate may cause inaccurate times.
  • Supply counts are checked every 10 seconds.